 Dungeon Crawl Stone Soup version 0.15-a0-335-g04a2ae6 (webtiles) character file.

55 4tharraofdagon the Firebug (level 3, -2/24 HPs)
             Began as a Demonspawn Fire Elementalist on May 1, 2014.
             Was an Initiate of Makhleb.
             Slain by a sky beast (6 damage)
             ... on Level 5 of the Dungeon.
             The game lasted 00:03:36 (528 turns).

4tharraofdagon the Firebug (DsFE)                    Turns: 528, Time: 00:03:36

HP  -2/24        AC  0     Str  9      XL: 3   Next:  8%
MP   0/6         EV 12     Int 16      God: Makhleb [......]
Gold 23          SH  0     Dex 13      Spells:  1 memorised,  5 levels left

rFire  . . .     SeeInvis .     e - +1,+2 dagger (speed)
rCold  + . .     Clarity  .     h - -4 robe of Nynoxauv {+Blink rC+}
rNeg   . . .     Conserve .     (no shield)
rPois  .         rCorr    .     (no helmet)
rElec  .         rRot     .     (no cloak)
SustAb . .       Spirit   .     (no gloves)
rMut   .         Warding  .     (no boots)
Saprov . . .     Stasis   .     (no amulet)
MR     .....                    (no ring)
                                (no ring)

@: very slightly contaminated, not resistant to hostile enchantments, unstealthy
A: yellow scales 1, demonic guardian 1
a: Renounce Religion, Evoke Blink


You were on level 5 of the Dungeon.
You worshipped Makhleb.
Makhleb was noncommittal.
You were not hungry.

You visited 1 branch of the dungeon, and saw 5 of its levels.

You collected 23 gold pieces.

Inventory:

Hand weapons
 e - a +1,+2 dagger of speed (weapon)
Armour
 a - a +0 robe
 h - the cursed -4 robe of Nynoxauv (worn) {+Blink rC+}
   (You found it on level 4 of the Dungeon)

   It protects you from cold.
   It lets you blink.
   It has a curse placed upon it.
Comestibles
 c - a bread ration
 d - a meat ration
Scrolls
 j - a scroll of noise
Potions
 f - a potion of cure mutation
 g - a potion of heal wounds {unknown}
Books
 b - a book of Flames

   Spells                             Type                      Level
   *Flame Tongue                      Conjuration/Fire             1
   Throw Flame                        Conjuration/Fire             2
   Conjure Flame                      Conjuration/Fire             3
   Inner Flame                        Hexes/Fire                   3
   Sticky Flame                       Conjuration/Fire             4
   Fireball                           Conjuration/Fire             5


   Skills:
 - Level 1.7 Dodging
 - Level 1.7 Stealth
 + Level 2.2 Spellcasting
 * Level 2.2 Conjurations
 * Level 3.1 Fire Magic


You had 5 spell levels left.
You knew the following spells:

 Your Spells              Type           Power        Failure   Level  Hunger
a - Flame Tongue          Conj/Fire      ##...        10%         1    #......


Dungeon Overview and Level Annotations

Branches:
Dungeon (5/15)
 Temple: D:4-7

Altars:
Makhleb
Zin


Innate Abilities, Weirdness & Mutations

You are partially covered in yellow scales (AC +2).
A weak demonic guardian rushes to your aid.


Message History

Confirm with . or Enter, or press ? or * to list all spells.
Aiming: Flame Tongue
Press: ? - help, Shift-Dir - straight line, f/p - sky beast
Aim: a sky beast (severely wounded)
The flame tongue misses the sky beast.
Your crimson imp blinks!
Unknown command.
Unknown command.
Unknown command.
Unknown command.
Unknown command.
You swap places.
Your crimson imp disappears in a puff of smoke!
Unknown command.
The sky beast flickers out of sight!
Deactivating autopickup; reactivate with Ctrl-A.
Something hits you.
* * * LOW HITPOINT WARNING * * *
Something shocks you!
You die...

#### #.. ##.#
##..## #....##
#.#...##
#g#.(.%#
#{#....#
#######.#...##
#.....<5@..##
#.........##
#.........#
########..%.
###.## .# ..
... ... .


You could see a hobgoblin and a friendly iron imp.

Vanquished Creatures
  A worm (D:2)
  2 orcs (D:3)
  A hobgoblin (D:4)
  4 jackals (D:2)
  2 quokkas (D:4)
  A giant newt (D:4)
  A kobold (D:2)
12 creatures vanquished.

Vanquished Creatures (collateral kills)
  2 adders
  An orc (D:3)
3 creatures vanquished.

Vanquished Creatures (others)
  2 quasits (D:5)
  A white imp (D:5)
3 creatures vanquished.

Grand Total: 18 creatures vanquished

Notes
Turn   | Place    | Note
--------------------------------------------------------------
     0 | D:1      | 4tharraofdagon, the Demonspawn Fire Elementalist, began the quest for the Orb.
     0 | D:1      | Reached XP level 1. HP: 13/13 MP: 3/3
    60 | D:2      | Reached skill level 3 in Fire Magic
    60 | D:2      | Gained mutation: A weak demonic guardian rushes to your aid. [demonic ancestry]
    60 | D:2      | Reached XP level 2. HP: 19/19 MP: 0/4
   260 | D:4      | Got an ancient robe
   266 | D:4      | Identified the cursed -4 robe of Nynoxauv {+Blink rC+} (You found it on level 4 of the Dungeon)
   283 | D:4      | Found a burning altar of Makhleb.
   288 | D:4      | Found a glowing silver altar of Zin.
   288 | D:4      | Noticed an Executioner
   288 | D:4      | Noticed an angel
   296 | D:4      | Became a worshipper of Makhleb the Destroyer
   452 | D:5      | Entered Level 5 of the Dungeon
   452 | D:5      | Noticed a sky beast
   462 | D:5      | Gained mutation: You are partially covered in yellow scales (AC +2). [demonic ancestry]
   462 | D:5      | Reached XP level 3. HP: 17/24 MP: 4/6
   528 | D:5      | Slain by a sky beast

Action                   || total
-------------------------++-------
Melee: Dagger            ||    33
 Cast: Flame Tongue      ||    26
  Use: Potion            ||     2
       Scroll            ||     4
